 Dungeon Crawl Stone Soup version 0.31-a0-1300-gb6740aa4e6 (webtiles) character file.

Game seed: 7913640429717794588

4946 Dirtsage the Mimic (level 10, -4/69 HPs)
             Began as an Octopode Shapeshifter on Dec 18, 2023.
             Was a Believer of the Shining One.
             Slain by a warg (22 damage)
             ... on level 9 of the Dungeon on Dec 19, 2023.
             The game lasted 00:18:33 (10217 turns).

Dirtsage the Mimic (Octopode Shapeshifter)         Turns: 10217, Time: 00:18:33

Health: -4/69      AC:  1    Str: 13    XL:     10   Next: 52%
Magic:  10/10      EV: 16    Int: 13    God:    the Shining One [**....]
Gold:   714        SH:  0    Dex: 16    Spells: 9/9 levels left

rFire   . .          .
                       - Unarmed
rCold   . . .        (no shield)
rNeg    + . .        (helmet currently unavailable)
rPois   +            (no amulet)
rElec   .            W - ring of wizardry
rCorr   .            (no ring)
SInv    .            (no ring)
Will    .....        (no ring)
Stlth   +            (no ring)
HPRegen 0.31/turn    (no ring)
MPRegen 0.12/turn    (no ring)
                     (no ring)

%: wizardry (x1)
@: beast-form, glowing
A: beast (slay +4), almost no armour, amphibious, 8 rings, camouflage 1,
gelatinous body 1, (nimble swimmer 1), tentacles
a: Begin Untransformation, Renounce Religion, Divine Shield


You were on level 9 of the Dungeon.
You worshipped the Shining One.
The Shining One was pleased with you.
You were a hulking beast.
You visited 2 branches of the dungeon, and saw 10 of its levels.
You also visited: Sewer and Ossuary.

You collected 714 gold pieces.

Inventory:

Missiles
 r - 5 throwing nets
 D - 2 curare-tipped darts
Jewellery
 W - a ring of wizardry (left tentacle)
Talismans
 b - a beast talisman
 c - a flux talisman
 e - a flux talisman
 u - the beast talisman of Geisauti (active) {rPois}
   (You found it on level 5 of the Dungeon)

   [beast talisman]

   rPois:     It protects you from poison
 v - a storm talisman
Wands
 k - a wand of mindburst (14)
 s - a wand of charming (3)
 y - a wand of flame (8)
 A - a wand of iceblast (18)
Scrolls
 g - 6 scrolls of poison
 j - 3 scrolls of vulnerability
 m - 3 scrolls of noise {unknown}
 n - 2 scrolls of summoning
 p - a scroll of enchant weapon
 t - 2 scrolls of teleportation
 B - 5 scrolls of blinking
Potions
 a - 4 potions of lignification
 d - 2 potions of magic
 f - 6 potions of brilliance
 h - 2 potions of haste
 l - 3 potions of heal wounds
 o - 5 potions of mutation
 q - 14 potions of curing
 w - 2 potions of enlightenment {unknown}
 x - 3 potions of berserk rage
 z - a potion of invisibility
 C - a potion of ambrosia


   Skills:
 - Level 6.6 Fighting
 - Level 6.9 Dodging
 - Level 7.3 Unarmed Combat
 + Level 0.4 Invocations
 * Level 9.7 Shapeshifting


You had 9 spell levels left.
You didn't know any spells.
Your spell library contained the following spells:

 Spells                   Type           Power      Damage    Failure   Level
 Apportation              Tloc           0%         N/A       12%         1
 Foxfire                  Conj/Fire      0%         2x1d4     12%         1
 Necrotise                Necr           0%         1d4       12%         1
 Summon Small Mammal      Summ           0%         N/A       12%         1
 Momentum Strike          Conj/Tloc      0%         3d8       19%         2
 Dazzling Flash           Conj/Hex       0%         N/A       34%         3
 Gell's Gravitas          Tloc           0%         N/A       34%         3
 Teleport Other           Tloc           0%         N/A       34%         3
 Agony                    Necr           0%         N/A       96%         5
 Silence                  Hex/Air        0%         N/A       96%         5
 Summon Forest            Summ/Tloc      0%         N/A       96%         5
 Dispersal                Tloc           0%         N/A       100%        6
 Plasma Beam              Fire/Air       0%         2x1d10    100%        6
 Starburst                Conj/Fire      0%         6d3       100%        6
 Fire Storm               Conj/Fire      0%         5d1       100%        9


Dungeon Overview and Level Annotations

Branches:
Dungeon (9/15)             Temple (1/1) D:7             Orc (0/2) D:9
  Sewer (visited)         Ossuary (visited)
   Lair: D:8-11

Altars:
Ashenzari
Cheibriados
Dithmenos
Elyvilon
Fedhas
Gozag
Hepliaklqana
Kikubaaqudgha
Makhleb
Nemelex Xobeh
Okawaru
Qazlal
Ru
Sif Muna
Trog
Uskayaw
Vehumet
Wu Jian
Xom
Yredelemnul
Zin
The Shining One

Annotations:
D:7 4 runed translucent doors, Crazy Yiuf; Mll's ghost, novice MiBe; bumbalina's ghost, novice FoHu; kae's ghost, novice DsEn


Innate Abilities, Weirdness & Mutations

You are a hulking beast.
Your limbs bulge with bestial killing power. (Slay +4)
You cannot wear most types of armour.
You are amphibious.
You can wear up to eight rings at the same time.
Your skin changes colour to match your surroundings (Stealth+).
Your rubbery body absorbs attacks. (AC +1, EV +1)
((You are camouflaged when in or above water. (Stealth+)))
You have tentacles for arms and can constrict up to eight enemies at once.


Message History

The howler monkey hoots and howls with incredible vigour!
The wolf misses you. The warg bites you!
You take 12 damage, and have 50/69 hp.
You tentacle-slap the warg. Your squeeze misses the warg.
The warg is lightly wounded.
The wolf barely misses you. The warg misses you. The wolf bites you!
You take 10 damage, and have 40/69 hp.
You are too injured to fight recklessly!
The howler monkey hoots and howls with incredible vigour! x2
You bludgeon the warg! You squeeze the warg.
The warg is heavily wounded.
The warg barely misses you. The warg bites you!
You take 10 damage, and have 31/69 hp.
You barely miss the warg. You squeeze the warg, but do no damage.
The warg is moderately wounded.
The warg misses you.
You tentacle-slap the warg. You squeeze the warg!
The warg is severely wounded.
The warg misses you.
You tentacle-slap the warg.
The warg is severely wounded.
The warg bites you!
* * * LOW HITPOINT WARNING * * *
The warg bites you!
* * * LOW HITPOINT WARNING * * *
You take 21 damage, and have 11/69 hp.
MASSIVE DAMAGE!!
You tentacle-slap the warg but do no damage.
You tentacle-slap the warg.
The warg is almost dead.
The warg bites you.
* * * LOW HITPOINT WARNING * * *
You take 3 damage, and have 8/69 hp.
You tentacle-slap the warg but do no damage.
You squeeze the warg, but do no damage.
The warg is almost dead.
The warg completely misses you.
You feel much better. The warg bites you!!
* * * LOW HITPOINT WARNING * * *
The warg bites you!!
You die...

#.# ############.# #.#
#......#.# #.# #......#+####
#.# #............ #.#
#............
#.##############............
#...........................
#################............
#...........hhh#######.......
##.###########h# #.#.#### #.#
#hh.# #.#.# #.# #...h#
#.#.#### #.# #.>.h# #.#....#
#.# #...$.# #.###### #.#
#.#.... ... ##. #.# #...###
### #8. #####.########## +..


You could see a warg, a wolf and a howler monkey.

Vanquished Creatures
  Pikel (D:6)
  Maggie (D:6)
  A kobold demonologist (D:8)
  Jeremiah (D:7)
  A wraith (D:9)
  A steam dragon (D:7)
  An acid dragon (D:8)
  3 water moccasins
  Duvessa (D:7)
  An ice beast (D:7)
  An orc warrior (D:9)
  A sky beast (D:7)
  2 black bears
  An ogre (D:5)
  A wolf (D:9)
  3 lemures (D:6)
  4 elf zombies (Ossuary)
  A phantom (D:3)
  3 kobold brigands
  4 bullfrogs
  2 scorpions
  Dowan (D:7)
  2 howler monkeys (D:7)
  4 centaur zombies (Ossuary)
  A crimson imp (D:6)
  4 human zombies (Ossuary)
  4 hounds
  A jelly (D:8)
  4 gnoll boudas
  4 iguanas
  2 orc wizards
  3 mummies (Ossuary)
  22 gnolls
  12 adders
  3 river rats (D:3)
  4 ufetubi
  2 worms (D:3)
  A dart slug (D:4)
  10 orcs
  15 ball pythons
  16 endoplasms
  17 giant cockroaches
  6 hobgoblins
  14 jackals
  22 kobolds
  8 quokkas
  6 bats
  9 frilled lizards
  9 goblins
  6 rats
247 creatures vanquished.

Vanquished Creatures (collateral kills)
  An ice beast (D:6)
  A gnoll (D:6)
2 creatures vanquished.

Grand Total: 249 creatures vanquished

Notes
Turn   | Place    | Note
-------+----------+-------------------------------------------
     0 | D:1      | Dirtsage the Octopode Shapeshifter began the quest for the
                  | Orb.
     0 | D:1      | Reached XP level 1. HP: 13/13 MP: 1/1
   338 | D:1      | Reached XP level 2. HP: 16/18 MP: 2/2
   953 | D:2      | Reached XP level 3. HP: 18/23 MP: 3/3
  1034 | D:2      | Found a faded altar of an unknown god.
  1847 | D:3      | Reached XP level 4. HP: 27/27 MP: 4/4
  2129 | D:3      | Noticed a phantom
  2143 | D:3      | Killed a phantom
  2144 | D:3      | Reached skill level 4 in Shapeshifting
  2144 | D:3      | Reached XP level 5. HP: 28/34 MP: 5/5
  2380 | D:3      | Found a glowing drain.
  2403 | Sewer    | Entered a sewer
  2475 | Sewer    | Reached XP level 6. HP: 31/41 MP: 6/6
  2807 | Sewer    | Reached skill level 5 in Shapeshifting
  3361 | D:4      | Reached XP level 7. HP: 36/46 MP: 7/7
  3652 | D:4      | Found a hazy altar of Hepliaklqana.
  4049 | D:5      | Entered Level 5 of the Dungeon
  4391 | D:5      | Found a white marble altar of Elyvilon.
  4411 | D:5      | Reached skill level 5 in Unarmed Combat
  4411 | D:5      | Reached skill level 6 in Shapeshifting
  4411 | D:5      | Reached XP level 8. HP: 39/54 MP: 8/8
  4582 | D:5      | Identified the beast talisman of Geisauti {rPois}
  5396 | D:4      | Found a shadowy altar of Dithmenos.
  5396 | D:4      | Found a stormy altar of Qazlal.
  5397 | D:4      | Found an ancient bone altar of Kikubaaqudgha.
  5397 | D:4      | Found a snail-covered altar of Cheibriados.
  5400 | D:4      | Found a hide-covered altar of Uskayaw.
  5797 | D:6      | Noticed Maggie
  5812 | D:6      | Your ally Maggie died
  5813 | D:6      | Reached skill level 5 in Dodging
  5813 | D:6      | Reached skill level 7 in Shapeshifting
  6039 | D:6      | Reached XP level 9. HP: 47/60 MP: 9/9
  6368 | D:6      | Found a radiant altar of Vehumet.
  6369 | D:6      | Found a burning altar of Makhleb.
  6432 | D:6      | Noticed Pikel
  6463 | D:6      | Reached skill level 5 in Fighting
  6468 | D:6      | Killed Pikel
  6943 | D:7      | Noticed Mll's ghost (novice MiBe)
  6943 | D:7      | Noticed kae's ghost (novice DsEn)
  6943 | D:7      | Noticed bumbalina's ghost (novice FoHu)
  6943 | D:7      | Found a runed translucent gate.
  6943 | D:7      | Found a runed translucent gate.
  6943 | D:7      | Found a runed translucent gate.
  6954 | D:7      | Found a staircase to the Ecumenical Temple.
  6968 | Temple   | Entered the Ecumenical Temple
  7006 | Temple   | Became a worshipper of the Shining One
  7100 | D:7      | Noticed Dowan
  7100 | D:7      | Noticed Duvessa
  7108 | D:7      | Killed Dowan
  7110 | D:7      | Killed Duvessa
  7111 | D:7      | Reached skill level 8 in Shapeshifting
  7361 | D:7      | Found a flagged portal.
  7708 | D:7      | Noticed Jeremiah
  7724 | D:7      | Killed Jeremiah
  7992 | D:7      | Reached XP level 10. HP: 59/68 MP: 10/10
  8096 | D:7      | Found a runed translucent door.
  8097 | D:7      | Noticed Crazy Yiuf
  8365 | D:8      | Found a sand-covered staircase.
  8373 | Ossuary  | Entered an ossuary
  8475 | Ossuary  | Reached * piety under the Shining One
  8605 | Ossuary  | Reached skill level 9 in Shapeshifting
  8670 | D:8      | Noticed a kobold demonologist
  8696 | D:8      | Noticed an orange demon
  8697 | D:8      | Killed a kobold demonologist
  8752 | D:8      | Reached ** piety under the Shining One
  8985 | D:8      | Got the Treatise on the Door and Conflagration
 10204 | D:9      | Found a staircase to the Orcish Mines.
 10217 | D:9      | Slain by a warg

Illustrated notes

Levels and vault maps discovered:
D:1:      minmay_arrival_wavy_path, layout_basic, nicolae_eternal_life,
          serial_bayou_pond_e, minmay_tiny_reverse_x
D:2:      layout_loops_ring, basic_ecumenical_altar, kennysheep_generic_room_7
D:3:      layout_loops_cross, portal_sewer_entry_b,
          ebering_dispersal_statue_hall, nicolae_half_adder
D:4:      layout_gridville, grunt_temple_overflow_open,
          worldfamousw_hep_ancestral_shrine, kennysheep_crisscross,
          kennysheep_generic_room_15
D:5:      layout_rooms, nicolae_elyvilon_peaceful_grove,
          kennysheep_cluttered_room, dreamdust_gnoll_farm
D:6:      layout_rooms, grunt_temple_overflow_lords_of_destruction, uniq_pikel,
          uniq_maggie
D:7:      layout_loops_ring, temple_fountains, enter_bailey_6, serial_rivers,
          chequers_serial_rivers_marsh, chequers_serial_rivers_micro_b,
          chequers_serial_rivers_micro_d, chequers_serial_rivers_micro_b,
          gammafunk_ghost_cemetery, uniq_jeremiah, uniq_duvessa,
          uniq_crazy_yiuf_cottage
D:8:      minmay_inner_zag, layout_cave_pods, enter_ossuary_3
D:9:      layout_basic, minmay_orc_entry_guard_dogs, dk_noncrumbling_4
Temple:   nicolae_temple_figure_eight

Skill      XL: |  1  2  3  4  5  6  7  8  9 10 |
---------------+-------------------------------+-----
Fighting       | 2 3 4 6 |  6.6
Shapeshifting  | 4 5 6 7 8 9 |  9.7
Dodging        | 3 4 5 6 |  6.9
Unarmed Combat | 4 5 6 7 |  7.3
Invocations    | |  0.4

Action                     |  1- 3 |  4- 6 |  7- 9 | 10-12 || total
---------------------------+-------+-------+-------+-------++-------
  Melee: Unarmed           |    75 |   132 |   242 |   138 ||   587
         Constrict         |    16 |    33 |    62 |    21 ||   132
         Tentacles         |    11 |    30 |    67 |    47 ||   155
         Punch             |     1 |     4 |    15 |    10 ||    30
  Evoke: Wand              |       |       |     4 |       ||     4
    Use: Scroll            |       |     6 |    11 |     4 ||    21
         Potion            |       |       |       |     1 ||     1
   Stab: Sleeping          |     5 |    12 |     3 |       ||    20
         Distracted        |       |       |     1 |       ||     1
 Armour: Skin              |    23 |    40 |   122 |    59 ||   244
  Dodge: Dodged            |    41 |    64 |   132 |    78 ||   315
   Form: Beast             |       |       |     1 |       ||     1

Table legend: (Time is in decaauts)
 A = Elapsed time spent in this place.
 B = Non-inter-level travel time spent in this place.
 C = Inter-level travel time spent in this place.
 D = Time resting spent in this place.
 E = Time spent auto-exploring this place.
 F = Levels seen in this place.
 G = Mean time per level.
                   A        B        C        D        E       F      G
               +--------+--------+--------+--------+--------+-----+--------+
         Total |  10159 |   9679 |    480 |    283 |   7799 |  12 |  846.6 |
       Dungeon |   9257 |   8849 |    408 |    283 |   7225 |   9 | 1028.6 |
        Temple |     74 |      2 |     72 |      0 |      0 |   1 |   74.0 |
         Sewer |    550 |    550 |      0 |      0 |    387 |   1 |  550.0 |
       Ossuary |    277 |    277 |      0 |      0 |    187 |   1 |  277.0 |
               +--------+--------+--------+--------+--------+-----+--------+

Top non-repeatable levels by time:
     D:4: 1382 daAuts
     D:8: 1267 daAuts
     D:7: 1205 daAuts
     D:6: 1182 daAuts
     D:3: 1070 daAuts
     D:5: 939 daAuts
     D:1: 918 daAuts
     D:2: 866 daAuts
   Sewer: 550 daAuts
     D:9: 424 daAuts
 Ossuary: 277 daAuts
  Temple: 74 daAuts
